 Dungeon Crawl Stone Soup version 0.21.1-1-g345015f (webtiles) character file.

201 lyrx the Conjurer (level 5, -1/35 HPs)
             Began as a Demonspawn Conjurer on Apr 6, 2018.
             Slain by Sigmund
             ... wielding a +0 scythe
              (9 damage)
             ... on level 3 of the Dungeon.
             The game lasted 00:34:38 (4426 turns).

lyrx the Conjurer (Demonspawn Conjurer)             Turns: 4426, Time: 00:34:39

Health: -1/35      AC:  5    Str:  8    XL:     5   Next: 50%
Magic:  0/8        EV: 12    Int: 17    God:
Gold:   115        SH:  0    Dex: 14    Spells: 1/8 levels left

rFire    . . .     SeeInvis .   w - +0 blowgun
rCold    . . .     Gourm    +   (no shield)
rNeg     . . .     Faith    .   e - +0 robe (curse)
rPois    .         Spirit   .   l - +1 hat
rElec    .         Reflect  .   (no cloak)
rCorr    .         Harm     .   (no gloves)
MR       .....                  (no boots)
Stlth    ++........             k - amulet of the gourmand
HPRegen  0.11/turn              (no ring)
MPRegen  0.11/turn              (no ring)

@: no status effects
A: molten scales 1
a: no special abilities


You were on level 3 of the Dungeon.
You were very full.

You visited 1 branch of the dungeon, and saw 3 of its levels.

You collected 115 gold pieces.

Inventory:

Hand Weapons
 j - a +0 hunting sling of velocity
 o - a cursed -2 short sword
 t - a +2 short sword of speed
 w - a +0 blowgun (weapon)
Missiles
 g - 9 poisoned needles (quivered)
 i - 15 sling bullets
 m - 5 needles of sleeping
Armour
 e - a cursed +0 robe (worn)
 l - a +1 hat (worn)
Jewellery
 k - an amulet of the gourmand (around neck)
 x - a +3 ring of intelligence {unknown}
Scrolls
 a - 2 scrolls of amnesia {unknown}
 d - 2 scrolls of identify {unknown}
 h - 2 scrolls of teleportation
 n - 6 scrolls of remove curse {unknown}
 p - a scroll of noise {unknown}
 q - a scroll of fear {unknown}
 s - a scroll of fog {unknown}
 u - a scroll of immolation {unknown}
Potions
 f - 2 potions of degeneration {unknown}
 r - a potion of heal wounds
Books
 b - a book of Conjurations

   Spells                             Type                      Level
   a - Magic Dart                     Conjuration                  1
   b - Searing Ray                    Conjuration                  2
   c - Dazzling Spray                 Conjuration/Hexes            3
   d - Fulminant Prism                Conjuration/Hexes            4
   e - Force Lance                    Conjuration/Translocation    4
   f - Iskenderun's Mystic Blast      Conjuration                  4
Comestibles
 c - 8 rations


   Skills:
 - Level 1.7 Dodging
 - Level 1.7 Stealth
 - Level 2.0 Spellcasting
 * Level 6.8 Conjurations


You had one spell level left.
You knew the following spells:

 Your Spells              Type           Power        Failure   Level  Hunger
a - Magic Dart            Conj           ####         1%          1    #......
b - Searing Ray           Conj           ####..       1%          2    ###....
c - Iskenderun's Mystic   Conj           ####....     11%         4    #####..


Dungeon Overview and Level Annotations

Branches:
Dungeon (3/15)

Altars:

Annotations:
D:3 Sigmund


Innate Abilities, Weirdness & Mutations

You are partially covered in molten scales. (AC +2)


Message History

Press: ? - help, Shift-Dir - straight line You shoot a poisoned needle.
Something hits you.
Casting: Searing Ray
Confirm with . or Enter, or press ? or * to list all spells.
Okay, then.
Firing (i - inventory. (,) - cycle):
g - 10 poisoned needles (quivered)
Press: ? - help, Shift-Dir - straight line You shoot a poisoned needle.
Something hits you!
Casting: Searing Ray
Confirm with . or Enter, or press ? or * to list all spells.
You don't know that spell.
Casting: Searing Ray
Confirm with . or Enter, or press ? or * to list all spells.
Aiming: Searing Ray
Press: ? - help, Shift-Dir - straight line (Press . to maintain the ray.)
Something hits you!
* * * LOW HITPOINT WARNING * * *
The searing ray hits something.
Something hits you!
You die...

[# #..#### ### #..# .# #..# ..#
#..# .# #..# #.# #..# ># #..# #.#
#... .# ##### #.# #.## .# .....
#.# #.# .# .....#### ###.###.#
.##########....#########..#...#.#
...........#.#{.@.....##.#.###..#
.###.######....######.##.### #.#
.# #.# #.#### #.##.# .# .# #.# #
#######.##.## .# .# #.#
#...........# .# .###.######.#
#.#.##..##..# .# .)..........#
#.##..##..# ####.........
#.##..##..# #.
.##........(#####o##..##..# #.


There were no monsters in sight!

Vanquished Creatures
  An orc priest (D:3)
  Jessica (D:3)
  Robin (D:2)
  2 adders
  An ooze (D:3)
  2 worms
  6 dart slugs
  A leopard gecko (D:3)
  6 orcs
  8 bats
  2 giant cockroaches
  9 hobgoblins
  4 jackals
  A quokka (D:2)
  A ball python (D:3)
  5 frilled lizards
  20 goblins
  11 kobolds
  5 rats
87 creatures vanquished.

Notes
Turn   | Place    | Note
-------+----------+-------------------------------------------
     0 | D:1      | lyrx the Demonspawn Conjurer began the quest for the Orb.
     0 | D:1      | Reached XP level 1. HP: 13/13 MP: 3/3
   524 | D:1      | Gained mutation: You are partially covered in molten scales. (AC +2) [demonic ancestry]
   524 | D:1      | Reached XP level 2. HP: 4/19 MP: 0/5
  1062 | D:1      | Learned a level 2 spell: Searing Ray
  1392 | D:2      | Noticed Jessica
  1520 | D:2      | Reached skill level 5 in Conjurations
  1543 | D:2      | Reached XP level 3. HP: 20/24 MP: 4/6
  1583 | D:2      | Noticed Robin
  2459 | D:2      | Killed Robin
  2478 | D:2      | Reached XP level 4. HP: 30/30 MP: 0/7
  3132 | D:2      | Reached skill level 6 in Conjurations
  3372 | D:3      | Killed Jessica
  3558 | D:3      | Reached XP level 5. HP: 32/35 MP: 0/8
  3636 | D:3      | Learned a level 4 spell: Iskenderun's Mystic Blast
  3929 | D:3      | Noticed Sigmund
  4426 | D:3      | Slain by Sigmund

Skill      XL: |  1  2  3  4 |
---------------+-------------+-----
Conjurations   | 5 6 |  6.8
Dodging        | |  1.7
Stealth        | |  1.7
Spellcasting   | |  2.0

Action                   |  1- 3 |  4- 6 || total
-------------------------+-------+-------++-------
Melee: Spear             |     6 |       ||     6
       Unarmed           |     2 |       ||     2
       Whip              |    29 |     9 ||    38
       Short sword       |       |    15 ||    15
 Fire: Hunting sling     |       |     6 ||     6
       Blowgun           |       |     3 ||     3
Throw: Stone             |       |     3 ||     3
 Cast: Magic Dart        |    73 |    74 ||   147
       Searing Ray       |     5 |     9 ||    14
       Iskenderun's Myst |       |     1 ||     1
  Use: Scroll            |     1 |       ||     1
       Potion            |     1 |       ||     1
  Eat: Chunk             |     7 |    14 ||    21
Armor: Robe              |    31 |    11 ||    42
Dodge: Dodged            |    68 |    33 ||   101
